AoeStats
← Erick14mar

Nomad

509019580Analyzed
3v3 RM · 8d ago on Sep 25, 2026· 48m 41s· 6 players
Game mode
Random Map
Map size
210×210
Population
200
Speed
Normal
Resources
Standard
Victory
Conquest
Starting age
Dark Age
Ending age
Imperial Age
RankedLock teamsTeams togetherTeam positionsShared explorationLock speedFull tech treeHidden civsTurbo modeCheats
Victory
Defeat
🇲🇽 Persians · Mexico
1493
+11
🇲🇽 Dravidians · Mexico
1372
+16
🇲🇽 Mongols · Mexico
1367
+17
🇨🇴 Saracens · Colombia
1406
-16
🇧🇷 Muisca · Brazil
1387
-15
🇵🇪 Spanish · Peru
1332
-13
GAX | toooasty
5:12 Loom
14:07 Feudal Age
14:58 Double-Bit Axe
30:29 Castle Age
30:32 Fishing Lines
31:13 Fletching
32:37 Bow Saw
34:18 Padded Archer Armor
36:01 Bodkin Arrow
41:27 Leather Archer Armor
42:04 Ballistics
45:06 Wheelbarrow
47:02 Imperial Age
44:48 Squires
45:09 Thumb Ring
47:49 Bracer
Erick14mar
8:47 Loom
14:53 Feudal Age
19:33 Castle Age
20:44 Padded Archer Armor
20:40 Fletching
27:54 Horse Collar
29:20 Double-Bit Axe
31:04 Bodkin Arrow
32:14 Town Watch
33:29 Padded Archer Armor
38:32 Imperial Age
38:15 Wheelbarrow
37:41 Town Patrol
38:41 Light Cavalry
39:32 Bloodlines
39:22 Husbandry
39:45 Bracer
40:00 Leather Archer Armor
39:46 Scale Mail Armor
40:22 Forging
40:33 Scale Barding Armor
41:31 Heavy Plow
43:03 Chain Mail Armor
43:54 Inquisition
43:27 Pikeman
44:29 Murder Holes
45:34 Bow Saw
45:53 Chain Barding Armor
46:03 Ballistics
45:13 Halberdier
45:40 Gambesons
48:23 Chemistry
48:13 Plate Mail Armor
48:13 Ring Archer Armor
48:19 Plate Barding Armor
48:40 Squires
48:25 Arson
49:23 Iron Casting
spava9723
3:27 Loom
4:00 Loom
13:19 Feudal Age
14:41 Double-Bit Axe
16:47 Fletching
20:29 Castle Age
18:49 Gold Mining
20:48 Stone Mining
21:42 Bodkin Arrow
21:32 Elite Skirmisher
22:23 Padded Archer Armor
26:03 Bow Saw
26:59 Horse Collar
29:45 Wheelbarrow
31:43 Ballistics
35:28 Imperial Age
36:11 Bracer
39:00 Forging
39:04 Heavy Camel Rider
42:05 Scale Barding Armor
43:24 Chain Barding Armor
46:13 Gold Shaft Mining
46:57 Husbandry
[JaMx] K@l-El
5:01 Loom
14:17 Feudal Age
18:33 Castle Age
18:29 Double-Bit Axe
18:46 Fletching
25:08 Ballistics
28:03 Padded Archer Armor
34:45 Bodkin Arrow
38:31 Bow Saw
41:32 Imperial Age
39:50 Wheelbarrow
39:01 Town Watch
42:15 Bracer
46:08 Leather Archer Armor
47:02 Chemistry
Jalayas
7:33 Loom
12:41 Feudal Age
13:05 Double-Bit Axe
15:40 Fishing Lines
17:50 Gold Mining
21:36 Fletching
22:25 Horse Collar
25:26 Castle Age
25:01 Bloodlines
25:03 Forging
24:59 Scale Barding Armor
25:29 Stone Mining
26:07 Bow Saw
25:58 Heavy Plow
28:15 Husbandry
30:07 Chain Barding Armor
33:39 Stone Shaft Mining
33:42 Gold Shaft Mining
36:43 Wheelbarrow
35:53 Town Watch
37:29 Iron Casting
40:06 Imperial Age
37:52 Hand Cart
39:44 Cavalier
41:04 Coinage
41:35 Blast Furnace
41:13 Plate Barding Armor
43:05 Ballistics
43:47 Chemistry
42:21 Savar
45:18 Two-Man Saw
43:42 Light Cavalry
44:27 Bodkin Arrow
45:33 Blast Furnace
45:19 Banking
45:03 Guilds
45:46 Hussar
47:25 Town Patrol
49:05 Conscription
48:56 Citadels
[JaMx] Jack-Dani-els
4:28 Loom
13:47 Feudal Age
20:12 Castle Age
19:54 Gold Mining
19:52 Double-Bit Axe
20:13 Crossbowman
20:45 Fletching
20:56 Padded Archer Armor
23:27 Bodkin Arrow
29:11 Town Watch
29:38 Horse Collar
30:09 Bow Saw
33:09 Wheelbarrow
37:32 Heavy Plow
42:40 Imperial Age
41:25 Thumb Ring
42:08 Town Patrol
44:29 Chemistry
43:51 Ballistics
44:41 Hand Cart
44:23 Stone Mining
44:42 Bracer
44:57 Leather Archer Armor
Connection lost

Rejoining the realm…

Still unreachable

The connection could not be restored.

Session expired

The server has moved on; the page needs a fresh start.